Map: Lightshade LE

Players

Astrea - Winner!

  • Race: Protoss Protoss

MaSa

  • Race: Terran Terran

Event: DreamHack SC2 Masters 2021 Fall

VOD

Have the link to the VOD?

Description

Time

  • Played on: Aug. 3, 2021, 3:17 p.m.
  • Length: 12:46

All games in this series

Show
View Real Time Build Order
Export as new Build Order

Astrea Protoss - Winner!

Build Orders: 1 Gate Expand, Blink Stalkers, Zealot Archon 

Get SALT Encoding   

  12  0:00  Probe  
  13  0:12  Probe  
  14  0:18  Pylon  
  14  0:24  Probe (Chrono Boost)  
  15  0:37  Gateway, Probe (Chrono Boost)  
  16  0:44  Probe (Chrono Boost)  
  16  0:47  Assimilator  
  17  0:51  Probe  
  18  1:03  Probe  
  19  1:15  Probe  
  20  1:24  Cybernetics Core  
  20  1:32  Nexus  
  20  1:36  Probe  
  21  1:43  Pylon  
  21  1:48  Probe  
  21  1:52  Assimilator  
  22  2:01  Adept, Probe (Chrono Boost)  
  25  2:03  Warp Gate  
  25  2:10  Probe (Chrono Boost)  
  26  2:15  Probe (Chrono Boost)  
  27  2:25  Twilight Council  
  27  2:27  Probe  
  28  2:36  Stalker (Chrono Boost)  
  30  2:39  Probe (Chrono Boost)  
  31  2:48  Probe (Chrono Boost)  
  31  2:49  Probe (Chrono Boost)  
  33  2:53  Probe (Chrono Boost)  
  33  2:57  Probe  
  35  2:59  Gateway  
  35  3:03  Gateway  
  35  3:07  Probe  
  35  3:10  Blink (Chrono Boost)  
  36  3:15  Probe  
  37  3:23  Probe  
  37  3:27  Probe  
  37  3:29  Robotics Facility  
  40  3:35  Probe  
  40  3:37  Pylon  
  40  3:40  Probe  
  40  3:47  Probe  
  41  3:52  Stalker, Probe  
  44  3:58  Stalker x2  
  44  4:00  Probe  
  49  4:07  Probe  
  48  4:10  Pylon  
  48  4:12  Warp Prism (Chrono Boost)  
  48  4:16  Stalker  
  52  4:22  Stalker  
  52  4:23  Pylon  
  54  4:28  Stalker  
  56  4:35  Assimilator  
  56  4:48  Stalker x2  
  57  4:54  Probe  
  57  4:56  Probe  
  57  5:06  Probe  
  58  5:12  Probe  
  59  5:18  Probe  
  60  5:24  Probe  
  61  5:29  Pylon  
  61  5:30  Probe  
  58  5:36  Probe  
  58  5:41  Assimilator  
  58  5:42  Templar Archives, Probe  
  60  5:44  Nexus  
  60  5:48  Probe  
  61  5:54  Probe  
  61  5:56  Charge  
  62  6:00  Probe  
  63  6:06  Probe  
  63  6:07  Gateway x2  
  63  6:10  Psionic Storm  
  64  6:11  Gateway  
  64  6:14  Gateway  
  64  6:15  Probe  
  64  6:17  Gateway  
  65  6:18  Probe  
  66  6:27  Probe  
  66  6:30  Probe (Chrono Boost)  
  66  6:32  High Templar  
  70  6:36  Pylon  
  70  6:38  Shield Battery, Zealot x2  
  75  6:40  Probe (Chrono Boost)  
  75  6:43  Probe (Chrono Boost)  
  75  6:45  Pylon  
  76  6:49  Probe (Chrono Boost)  
  76  6:50  Probe (Chrono Boost)  
  78  6:54  Probe (Chrono Boost)  
  78  6:56  Probe  
  78  6:58  High Templar  
  78  6:59  High Templar  
  84  7:01  Pylon  
  84  7:06  Zealot x4  
  92  7:11  Pylon  
  92  7:12  High Templar  
  92  7:13  Zealot  
  94  7:28  Zealot x3  
  94  7:29  Zealot  
  98  7:34  Forge  
  98  7:36  Zealot x2  
  98  7:37  Zealot  
  104  7:38  Immortal (Chrono Boost)  
  108  7:50  Archon  
  108  7:51  High Templar  
  108  7:53  Zealot x4  
  100  8:07  Archon  
  100  8:09  Stalker  
  100  8:10  Stalker x2  
  92  8:13  Zealot x4  
  92  8:18  Probe x3  
  93  8:20  Assimilator x2  
  83  8:29  Protoss Ground Weapons Level 1 (Chrono Boost)  
  83  8:30  High Templar, Probe x2  
  85  8:34  Probe  
  85  8:39  Observer (Chrono Boost)  
  85  8:40  High Templar, Zealot x4  
  85  8:41  Zealot x2  
  99  8:52  Observer (Chrono Boost)  
  100  9:00  Pylon  
  98  9:10  High Templar x2, Zealot x4  
  98  9:11  Zealot, Warp Prism (Chrono Boost)  
  98  9:15  Forge, Zealot  
  116  9:19  Pylon  
  116  9:23  Nexus  
  116  9:26  Pylon  
  116  9:30  Pylon  
  116  9:33  Shield Battery  
  116  9:34  Zealot x3  
  116  9:36  Photon Cannon  
  122  9:46  Zealot  
  122  9:47  Zealot x3  
  122  9:49  Probe  
  122  9:50  Observer  
  122  9:51  Probe x2  
  127  9:56  Stalker  
  126  10:05  Protoss Ground Armor Level 1 (Chrono Boost)  
  126  10:07  Probe x3  
  131  10:22  Zealot x4  
  131  10:25  Zealot x2  
  133  10:31  Stalker  
  127  10:42  High Templar x5  
  127  10:50  Probe  
  127  10:51  Probe x3  
  129  10:57  Warp Prism (Chrono Boost)  
  129  11:01  High Templar  
  129  11:02  High Templar x2  
  129  11:03  Probe x3  
  138  11:10  Probe  
  135  11:14  Zealot  
  135  11:15  Stalker x2, Probe  
  133  11:34  Archon  
  127  11:40  Zealot x2  
  127  11:41  Zealot x6  
  127  11:43  Archon  
  139  11:49  Immortal  
  141  12:03  Stalker x2  
  141  12:04  Stalker x6  
  157  12:27  Stalker, Zealot x6  
  167  12:41  Archon  
Show
View Real Time Build Order
Export as new Build Order

MaSa Terran 

Build Orders:  

Get SALT Encoding   

  12  0:00  SCV  
  13  0:12  SCV  
  14  0:16  Supply Depot  
  14  0:24  SCV  
  15  0:38  SCV  
  15  0:39  Barracks  
  15  0:42  Refinery  
  16  0:50  SCV  
  17  1:02  SCV  
  18  1:14  SCV  
  19  1:27  Marine, Orbital Command  
  20  1:41  Command Center  
  20  1:45  Reaper  
  21  1:54  Supply Depot  
  21  1:56  SCV  
  22  2:05  Factory  
  22  2:09  SCV  
  22  2:14  Refinery  
  23  2:21  Bunker  
  23  2:22  Barracks Reactor  
  23  2:25  SCV  
  24  2:37  SCV  
  25  2:49  SCV  
  26  2:52  Starport  
  26  2:53  Widow Mine  
  26  2:54  Orbital Command  
  28  2:59  Marine x2  
  28  3:04  SCV  
  31  3:15  Widow Mine  
  31  3:16  SCV  
  31  3:17  Marine x2  
  36  3:25  SCV  
  36  3:28  Medivac  
  36  3:30  SCV  
  39  3:35  Marine x2  
  39  3:37  Factory Tech Lab  
  39  3:38  SCV  
  42  3:42  SCV  
  42  3:45  Barracks  
  43  3:50  SCV  
  43  3:53  Marine x2  
  46  4:00  Supply Depot  
  46  4:04  SCV  
  46  4:08  Factory Tech Lab  
  46  4:13  Refinery  
  46  4:16  Engineering Bay  
  46  4:21  Raven  
  46  4:22  SCV  
  46  4:23  Barracks  
  49  4:24  SCV  
  49  4:27  Siege Tank  
  53  4:33  Marine, Bunker  
  54  4:52  Supply Depot, Terran Infantry Weapons Level 1  
  54  4:55  SCV  
  54  5:02  Supply Depot  
  54  5:12  Barracks Tech Lab  
  54  5:13  Starport Reactor  
  54  5:14  Marine x2, SCV x2, Siege Tank  
  54  5:15  Marine  
  61  5:26  SCV x2  
  61  5:32  Marauder  
  61  5:35  Marine x2  
  67  5:36  Marauder  
  67  5:38  SCV x2  
  67  5:42  Supply Depot  
  63  5:45  Stimpack  
  63  5:48  Siege Tank  
  66  5:50  SCV x2  
  66  5:54  Refinery  
  68  6:01  Medivac  
  68  6:02  Marine x2, SCV x2  
  73  6:05  Supply Depot  
  73  6:09  Marauder  
  75  6:13  Marauder  
  75  6:15  SCV x2  
  79  6:21  Supply Depot, Medivac  
  81  6:27  SCV x2  
  81  6:30  Marine x2  
  81  6:31  Supply Depot  
  86  6:34  Viking  
  86  6:37  Marauder  
  86  6:39  SCV  
  89  6:41  SCV  
  89  6:46  Marauder  
  92  6:47  Combat Shield  
  92  6:51  SCV  
  92  6:52  Marine  
  94  6:54  Supply Depot  
  94  6:58  Marauder  
  94  6:59  Siege Tank  
  99  7:04  SCV  
  99  7:05  SCV  
  100  7:16  SCV  
  100  7:17  Marine, SCV  
  100  7:20  Command Center  
  100  7:22  Supply Depot  
  101  7:28  SCV  
  101  7:29  SCV  
  103  7:31  Liberator x2  
  103  7:33  Marauder  
  111  7:40  SCV  
  107  7:52  Marine x2, Marauder  
  107  7:53  SCV x2  
  107  7:54  Marauder  
  87  8:05  SCV x2  
  87  8:09  Siege Tank  
  87  8:10  Marine x2  
  87  8:12  Concussive Shells  
  81  8:14  Marauder  
  81  8:17  SCV x2  
  68  8:27  Marine  
  68  8:28  Marauder  
  68  8:29  SCV  
  68  8:30  SCV  
  71  8:37  Medivac x2  
  71  8:41  Marauder  
  77  8:42  SCV x2  
  79  8:50  Marine x2  
  79  8:51  Marauder  
  79  8:54  SCV x2  
  85  9:02  Marauder  
  87  9:03  Orbital Command  
  87  9:06  SCV x2  
  87  9:07  Siege Tank  
  87  9:08  Barracks  
  87  9:09  Barracks  
  92  9:10  Medivac  
  92  9:14  Medivac  
  92  9:16  Marauder  
  98  9:17  Marine x2  
  98  9:18  SCV x2  
  102  9:27  Ghost Academy  
  102  9:29  Marauder  
  102  9:30  SCV x2  
  106  9:35  SCV  
  106  9:37  Sensor Tower, Marauder  
  106  9:38  Marine, Refinery  
  110  9:39  Marine  
  110  9:43  SCV x2  
  113  9:47  SCV  
  113  9:52  Liberator x2  
  117  9:56  Barracks Tech Lab  
  117  9:58  Barracks Reactor  
  117  9:59  Ghost  
  120  10:03  Refinery  
  120  10:05  Ghost  
  120  10:06  Marine x2  
  126  10:07  SCV  
  126  10:12  Supply Depot  
  127  10:17  Marauder  
  129  10:24  Marine x2  
  120  10:28  Marine  
  120  10:34  Marauder  
  120  10:35  SCV x2  
  114  10:38  SCV  
  114  10:39  Marauder  
  114  10:40  Marine  
  114  10:42  Marine x2  
  113  10:44  Marine  
  113  10:47  SCV x2, Marauder  
  113  10:49  Supply Depot  
  118  10:52  SCV  
  118  10:55  Ghost  
  120  10:58  Marine  
  120  10:59  SCV x2, Ghost  
  120  11:00  Marine x2  
  120  11:01  Siege Tank  
  130  11:04  SCV  
  130  11:08  Marauder  
  133  11:12  Marine  
  133  11:15  Marine  
  135  11:20  SCV  
  135  11:21  SCV  
  135  11:22  Marine x2  
  135  11:24  Marauder  
  141  11:33  Marauder x2  
  141  11:34  Marine x2, Siege Tank  
  141  11:36  SCV  
  133  11:40  Marine  
  133  11:41  Marine  
  133  11:42  SCV  
  133  11:46  Marauder  
  133  11:47  SCV  
  139  11:51  Marine  
  139  11:52  Marine  
  139  11:54  Marauder x2  
  141  12:16  Supply Depot  
  141  12:17  Supply Depot  
  141  12:18  Marine x2, Marauder  
  141  12:19  Supply Depot  

Tags
 
Add a new tag
Caveats
  • Supply blocks, unpowered buildings, or Contaminate may cause inaccurate times.
  • Supply counts are checked every 10 seconds.